 Dungeon Crawl Stone Soup version 0.27-a0-385-g3208abaabc (webtiles) character file.

Game seed: 1770020855207376805

57 tilp the Sneak (level 4, -1/28 HPs)
             Began as an Octopode Transmuter on Feb 19, 2021.
             Killed from afar by a dart slug (2 damage)
             ... with a slug dart
             ... on level 2 of the Dungeon.
             The game lasted 00:01:42 (1369 turns).

tilp the Sneak (Octopode Transmuter)                Turns: 1369, Time: 00:01:42

Health: -1/28      AC:  1    Str:  9    XL:     4   Next: 0%
Magic:  4/7        EV: 13    Int: 16    God:
Gold:   71         SH:  0    Dex: 12    Spells: 4/7 levels left

rFire    . . .     SeeInvis .     - Unarmed
rCold    . . .     Faith    .   (no shield)
rNeg     . . .     Spirit   .   (helmet restricted)
rPois    .         Reflect  .   (no amulet)
rElec    .         Harm     .   (no ring)
rCorr    .         Rampage  .   (no ring)
Will     .....                  (no ring)
Stlth    +++.......             (no ring)
HPRegen  0.09/turn              (no ring)
MPRegen  0.10/turn              (no ring)
                                (no ring)
                                (no ring)

@: lethally poisoned (-1 -> -3), wereblooded (expiring)
A: almost no armour, stealthy swim, amphibious, 8 rings, constrict 8, camouflage
1, gelatinous body 1
a: no special abilities


You were on level 2 of the Dungeon.
You visited 1 branch of the dungeon, and saw 2 of its levels.

You collected 71 gold pieces.

Inventory:

Missiles
 a - 65 stones
Scrolls
 b - 3 scrolls of identify
 c - a scroll of teleportation


   Skills:
 + Level 1.4 Fighting
 - Level 2.0 Dodging
 - Level 4.0 Stealth
 * Level 3.5 Unarmed Combat
 - Level 2.0 Spellcasting
 - Level 2.0 Transmutations


You had 4 spell levels left.
You knew the following spells:

 Your Spells              Type           Power        Failure   Level
a - Beastly Appendage     Tmut           16%          9%          1
b - Wereblood             Tmut           8%           14%         2

Your spell library contained the following spells:

 Spells                   Type           Power        Failure   Level
 Spider Form              Tmut/Pois      2%           38%         3
 Ice Form                 Ice/Tmut       4%           80%         4
 Blade Hands              Tmut           4%           94%         5


Dungeon Overview and Level Annotations

Branches:
Dungeon (2/15)

Altars:


Innate Abilities, Weirdness & Mutations

You cannot wear most types of armour.
You are very stealthy in the water. (Stealth+)
You are amphibious.
You can wear up to eight rings at the same time.
You can use your tentacles to constrict eight enemies at once.
Your skin changes colour to match your surroundings (Stealth+).
Your rubbery body absorbs attacks. (AC +1, EV +1)


Message History

You feel sick.
A kobold comes into view. It is wielding a +0 short sword.
You tentacle-slap the worm. You grab the worm. You squeeze the worm!
The worm is heavily wounded.
Your tentacle spike disappears.
You constrict the worm, but do no damage.
The worm bites you!
* * * LOW HITPOINT WARNING * * *
The leopard gecko closely misses you.
You tentacle-slap the worm.
The worm is severely wounded.
You constrict the worm.
The leopard gecko completely misses you.
The leopard gecko barely misses you. The worm misses you.
Unknown command.
You completely miss the worm. You squeeze the worm.
You kill the worm!
The leopard gecko bites you but does no damage.
The leopard gecko closely misses you. The leopard gecko bites you.
* * * LOW HITPOINT WARNING * * *
Unknown command.
You barely miss the leopard gecko. You grab the leopard gecko.
You constrict the leopard gecko, but do no damage.
You feel sick. The leopard gecko barely misses you.
A worm comes into view.
The leopard gecko bites you.
* * * LOW HITPOINT WARNING * * *
Unknown command.
You aren't carrying any potions.
You tentacle-slap the leopard gecko. You squeeze the leopard gecko.
You kill the leopard gecko!
Your primal bloodlust is almost over.
The leopard gecko closely misses you.
You have reached level 4!
You closely miss the leopard gecko. You grab the leopard gecko.
You squeeze the leopard gecko, but do no damage.
You constrict the leopard gecko. The dart slug launches a dart at you.
The slug dart hits you.
You die...

####.#...
#@†......
#..Klw###w.
###.#.#
....# #.. .
...##. ##.#
.. .. ..


You could see a worm, a dart slug, a leopard gecko and a kobold.

Vanquished Creatures
  An adder (D:2)
  2 oozes (D:1)
  A worm (D:2)
  A dart slug (D:1)
  A leopard gecko (D:2)
  A giant cockroach (D:1)
  4 goblins
  6 hobgoblins
  4 jackals (D:1)
  2 bats (D:1)
  2 frilled lizards (D:1)
  4 kobolds (D:1)
  2 rats (D:1)
31 creatures vanquished.

Notes
Turn   | Place    | Note
-------+----------+-------------------------------------------
     0 | D:1      | tilp the Octopode Transmuter began the quest for the Orb.
     0 | D:1      | Reached XP level 1. HP: 13/13 MP: 3/3
    23 | D:1      | Reached skill level 1 in Stealth
    53 | D:1      | Reached skill level 2 in Stealth
    53 | D:1      | Reached XP level 2. HP: 16/18 MP: 5/5
    56 | D:1      | Learned a level 2 spell: Wereblood
   340 | D:1      | Reached skill level 3 in Stealth
   610 | D:1      | Reached XP level 3. HP: 23/23 MP: 6/6
   663 | D:1      | Reached skill level 4 in Stealth
  1367 | D:2      | HP: 1/23 [leopard gecko (3)]
  1369 | D:2      | Reached XP level 4. HP: 1/28 MP: 4/7
  1369 | D:2      | Killed from afar by a dart slug

Illustrated notes

Levels and vault maps discovered:
D:1:      minmay_arrival_diagonal_passages, layout_basic, minmay_tetromino_s2
D:2:      layout_basic, chequers_ecumenical_altar_island,
          minmay_fractal_squares_5, uniq_sigmund, uniq_natasha, uniq_terence

Skill      XL: |  1  2  3 |
---------------+----------+-----
Stealth        | 2 3 4 |  4.0
Fighting       | |  1.4
Dodging        | |  2.0
Unarmed Combat | |  3.5
Spellcasting   | |  2.0
Transmutations | |  2.0

Action                   |  1- 3 |  4- 6 || total
-------------------------+-------+-------++-------
Melee: Unarmed           |    91 |     1 ||    92
       Constrict         |    24 |     1 ||    25
       Tentacles         |    12 |     1 ||    13
       Kick              |     6 |       ||     6
 Cast: Beastly Appendage |     3 |       ||     3
       Wereblood         |     2 |       ||     2
  Use: Scroll            |     1 |       ||     1
 Stab: Sleeping          |     4 |       ||     4
Armor: Skin              |     2 |       ||     2
Dodge: Dodged            |    67 |       ||    67

Table legend: (Time is in decaauts)
 A = Elapsed time spent in this place.
 B = Non-inter-level travel time spent in this place.
 C = Inter-level travel time spent in this place.
 D = Time resting spent in this place.
 E = Time spent auto-exploring this place.
 F = Levels seen in this place.
 G = Mean time per level.
                   A        B        C        D        E       F      G
               +--------+--------+--------+--------+--------+-----+--------+
         Total |   1363 |   1363 |      0 |    383 |    777 |   2 |  681.5 |
       Dungeon |   1363 |   1363 |      0 |    383 |    777 |   2 |  681.5 |
               +--------+--------+--------+--------+--------+-----+--------+

Top non-repeatable levels by time:
     D:1: 1344 daAuts
     D:2: 19 daAuts
